 Dungeon Crawl Stone Soup version 0.32-a0-732-ga344392067 (webtiles) character file.

Game seed: 3588763360482033369

16627 olmar the Prestidigitator (level 12, -19/93 (97) HPs)
             Began as a Coglin Artificer on Mar 17, 2024.
             Was an Initiate of Gozag.
             Demolished by an orc warlord
             ... wielding a +0 bardiche
              (30 damage)
             ... on level 1 of the Orcish Mines.
             The game lasted 00:28:51 (14292 turns).

olmar the Prestidigitator (Coglin Artificer)       Turns: 14292, Time: 00:28:52

HP:   -19/93 (97)   AC:  4    Str: 16    XL:     12   Next: 39%
MP:   12/12         EV: 10    Int: 12    God:    Gozag
Gold: 1058          SH:  0    Dex: 15    Spells: 11/11 levels left

rFire   . . .        d - +4 broad axe {Chikashi}
rCold   + . .        t - +1 broad axe (pain) {Deepnoor}
rNeg    . . .        w - +0 leather armour {rC+}
rPois   .            (no helmet)
rElec   .            T - scarf {+Inv}
rCorr   .            q - +0 pair of gloves
SInv    .            (no boots)
Will    .....        (amulet unavailable)
Stlth   +            (ring unavailable)
HPRegen 0.35/turn    (ring unavailable)
MPRegen 0.13/turn    (no gizmo)

%: no passive effects
@: gold aura, lightly drained, revved
A: off-hand wielding, slow wielding, warmup strikes, no jewellery
a: Invent Gizmo, Renounce Religion, Evoke Invisibility, Potion Petition, Call
Merchant, Bribe Branch


You were on level 1 of the Orcish Mines.
You worshipped Gozag.
Gozag was most pleased with you.
You visited 3 branches of the dungeon, and saw 12 of its levels.
You also visited: Bailey.

You collected 3213 gold pieces.
You paid 2155 gold pieces to Gozag.

Inventory:

Hand Weapons
 a - a +0 club {Bastian}
 d - a +4 broad axe (weapon) {Chikashi}
 f - a +0 dagger {Salvador}
 l - a +0 dagger of venom {Qiang}
 t - a +1 broad axe of pain (offhand) {Deepnoor}
 u - a +1 whip of draining {Navbir}
Missiles
 E - 3 silver javelins
 N - 8 boomerangs
 V - 3 atropa-tipped darts
Armour
 b - a +0 leather armour
 k - a +1 robe of positive energy
 q - a +0 pair of gloves (worn)
 r - a +0 cloak
 w - a +0 leather armour of cold resistance (worn)
 J - +0 steam dragon scales
 T - a scarf of invisibility (worn)
Magical Staves
 O - the staffair of Kismet {rElec Int+2 SInv Stlth+ Hexes Air}
   (You found it in a bailey)

   [staff of air]

   Base accuracy: +5 Base damage: 5 Base attack delay: 1.2 This weapon's minimum
   attack delay (0.6) is reached at skill level 12.
   Int+2:     It affects your intelligence (+2).
   rElec:     It insulates you from electricity.
   SInv:      It lets you see invisible.
   Stlth+:    It makes you more stealthy.
   Hexes:     It increases the power of your Hexes spells.
   Air:       It increases the power of your Air spells.
   It falls into the 'Staves' category.
   It is a one-graspered weapon.
Talismans
 G - a dragon-blood talisman
Wands
 c - a wand of mindburst (1)
 e - a wand of iceblast (3)
 B - a wand of acid (5)
 D - a wand of roots (16)
Scrolls
 g - 3 scrolls of revelation {unknown}
 h - a scroll of blinking
 i - a scroll of brand weapon {unknown}
 j - 2 scrolls of fog {unknown}
 m - 2 scrolls of immolation {unknown}
 n - 2 scrolls of fear {unknown}
 s - a scroll of teleportation
 v - a scroll of silence {unknown}
 y - a scroll of poison {unknown}
 A - a scroll of amnesia {unknown}
 H - 2 scrolls of vulnerability {unknown}
 K - 2 scrolls of acquirement {unknown}
 M - a scroll of enchant weapon {unknown}
 P - a scroll of noise {unknown}
 X - a scroll of identify
Potions
 o - 2 potions of brilliance
 x - a potion of heal wounds
 z - a potion of resistance
 C - a potion of attraction
 F - a potion of might {unknown}
 I - a potion of berserk rage {unknown}
 L - a potion of ambrosia {unknown}
 R - a potion of mutation {unknown}
 S - a potion of magic
 W - a potion of lignification {unknown}
Miscellaneous
 Q - a sack of spiders (inert)


   Skills:
 + Level 10.2 Fighting
 - Level 5.1 Short Blades
 + Level 10.0(11.4) Axes
 - Level 7.9(9.9) Maces & Flails
 - Level 4.7 Armour
 - Level 0.8 Dodging
 - Level 0.7 Stealth
 + Level 12.2 Evocations


You had 11 spell levels left.
You didn't know any spells.
Your spell library contained the following spells:

 Spells                   Type           Power      Damage    Failure   Level
 Freeze                   Ice            0%         1d3       36%         1
 Cigotuvi's Dreadful Rot  Necr/Alch/Air  0%         N/A       52%         2
 Frozen Ramparts          Ice            0%         1d1       75%         3
 Hailstorm                Conj/Ice       0%         3d5       75%         3
 Ignite Poison            Fire/Alch      0%         N/A       98%         4
 Freezing Cloud           Conj/Ice/Air   0%         6-21      100%        5
 Summon Forest            Summ/Tloc      0%         N/A       100%        5
 Summon Mana Viper        Hex/Summ       0%         N/A       100%        5
 Summon Cactus Giant      Summ           0%         N/A       100%        6


Dungeon Overview and Level Annotations

Branches:
Dungeon (9/15)             Temple (1/1) D:4            Lair (0/5) D:8
    Orc (2/2) D:9             Elf (0/3) Orc:2        Bailey (visited)

Altars:
Ashenzari
Cheibriados
Dithmenos
Elyvilon
Fedhas
Gozag
Hepliaklqana
Kikubaaqudgha
Makhleb
Nemelex Xobeh
Okawaru
Qazlal
Ru
Sif Muna
Trog
Uskayaw
Vehumet
Wu Jian
Xom
Yredelemnul
Zin
The Shining One

Shops:
D:2 [   D:9 ((   Orc:2 =!

Annotations:
D:7 1 runed translucent door, Crazy Yiuf
Orc:2 Nergalle


Innate Abilities, Weirdness & Mutations

You can wield a second weapon in your off-hand.
It takes a long time for you to wield or remove held weapons.
Your first few attacks do less damage.
You cannot equip rings or amulets.


Message History

Your culicivora draws strength from the orc warlord's injuries!
Your tarantella touches the orc warlord.
The orc struggles to get unstuck from the web.
The orc closely misses your culicivora.
The orc warlord hits you with a +0 bardiche!!
You hit the orc warlord but do no damage.
The orc warlord is moderately wounded.
You hit the orc warlord with your +4 broad axe.
Your culicivora barely misses the orc warlord.
Your tarantella touches the orc warlord but does no damage.
Your culicivora closely misses the orc warlord.
The orc tears the web.
The orc barely misses your culicivora.
The orc warlord hits you with a +0 bardiche!!
You hit the orc warlord but do no damage.
The orc warlord is moderately wounded.
You closely miss the orc warlord with your +1 broad axe of pain.
Your culicivora barely misses the orc.
Your culicivora bites the orc warlord.
Your culicivora draws strength from the orc warlord's injuries!
Your tarantella touches the orc warlord but does no damage.
Your redback bites the orc warlord but does no damage.
The orc closely misses your tarantella.
The orc evades a web.
The orc closely misses your culicivora.
The orc warlord hits you with a +0 bardiche!!
* * * LOW HITPOINT WARNING * * *
You hit the orc warlord but do no damage.
The orc warlord is moderately wounded.
You hit the orc warlord but do no damage.
Your culicivora bites the orc!
The orc dies!
Your culicivora bites the orc warlord.
Your culicivora draws strength from the orc warlord's injuries!
Your tarantella touches the orc warlord but does no damage.
Your redback bites the orc warlord!
Your culicivora bites the orc warlord!
Your culicivora draws strength from the orc warlord's injuries!
Your tarantella completely misses the orc warlord.
Your redback bites the orc warlord but does no damage.
The orc hits your culicivora but does no damage.
The orc warlord hits you with a +0 bardiche!!
You die...
Your body crumbles into a pile of gold.

..# ##.## ##..## #.. .##
#...###.$.. ##.#...
#####....##... ##.......
#.##......##.###.......#
...........#..#.......#
#.##.>........(#........
####...#.......$....#...
####.###...............
##.#### #......$@ss.....
#...## ##..#...so..o...
.....# ###...##soo....
....## ##.....o.....
#..## ##..(..$.(.. ..##
#......$.## ...#
##.#...### ..## ######
###


You could see an orc warlord (ally target), an orc warrior (strong), 3 orcs, 2
friendly culicivoras, a friendly tarantella (summoned) and a friendly redback
(summoned).

Vanquished Creatures
  A two-headed ogre (Orc:2)
  A death yak (Bailey)
  A glowing orange brain (Bailey)
  An ugly thing (Orc:1)
  2 orc sorcerers
  A kobold blastminer (Orc:1)
  A troll (Orc:1)
  Prince Ribbit (D:9)
  7 yaks (D:8)
  2 wyverns
  A wraith (D:9)
  A steam dragon (D:9)
  A warg (Orc:1)
  Menkaure (D:4)
  A water moccasin (D:6)
  20 orc warriors
  2 ice beasts
  2 sky beasts
  9 ogres
  3 phantoms
  2 centaurs
  2 kobold brigands
  A brain worm (D:3)
  3 bullfrogs
  3 scorpions (D:5)
  3 wights (D:7)
  9 killer bees
  2 electric eels (D:9)
  A bombardier beetle (D:5)
  A howler monkey (D:5)
  A jelly (D:6)
  5 orc priests
  3 hounds
  2 iguanas
  Jessica (D:2)
  A sleepcap (D:6)
  Ijyb (D:3)
  23 orc wizards
  4 gnolls (Bailey)
  3 adders
  A ribbon worm (D:3)
  A dart slug (D:5)
  62 orcs
  4 ball pythons
  5 bats
  6 endoplasms
  A giant cockroach (D:3)
  21 hobgoblins
  2 quokkas
  7 frilled lizards
  26 goblins
  14 kobolds
  5 rats
285 creatures vanquished.

Vanquished Creatures (collateral kills)
  A troll (Orc:2)
  4 yaks (D:8)
  2 orc warriors (Orc:2)
  An ogre (Orc:2)
  An orc priest (Orc:2)
  An orc wizard (D:3)
  4 orcs
  A bat (D:3)
15 creatures vanquished.

Vanquished Creatures (others)
  A sky beast (D:8)
  A wight (D:7)
  An orc wizard (D:4)
  An adder (D:3)
  An orc (Bailey)
  2 kobolds
7 creatures vanquished.

Grand Total: 307 creatures vanquished

Notes
Turn   | Place    | Note
-------+----------+-------------------------------------------
     0 | D:1      | olmar the Coglin Artificer began the quest for the Orb.
     0 | D:1      | Reached XP level 1. HP: 15/15 MP: 1/1
   160 | D:1      | Reached XP level 2. HP: 20/21 MP: 2/2
   691 | D:1      | Found a shimmering blue altar of Sif Muna.
   835 | D:2      | Reached XP level 3. HP: 26/27 MP: 3/3
  1211 | D:2      | Noticed Jessica
  1217 | D:2      | Killed Jessica
  1218 | D:2      | Reached skill level 5 in Evocations
  1218 | D:2      | Reached XP level 4. HP: 24/33 MP: 4/4
  1383 | D:2      | Found Xotuner's Antique Armour Emporium.
  1398 | D:2      | Found a shadowy altar of Dithmenos.
  1566 | D:3      | Noticed Ijyb
  1585 | D:3      | Killed Ijyb
  1586 | D:3      | Reached skill level 1 in Short Blades
  1586 | D:3      | Reached skill level 1 in Maces & Flails
  1699 | D:3      | Noticed Pargi
  1701 | D:3      | Pargi changed into Pargi the brain worm
  1701 | D:3      | Noticed Pargi
  1711 | D:3      | Killed Pargi the brain worm
  1712 | D:3      | Reached XP level 5. HP: 39/39 MP: 5/5
  1713 | D:3      | Found a hide-covered altar of Uskayaw.
  1713 | D:3      | Noticed a +0 hand axe
  1713 | D:3      | Noticed a +0 hand axe
  1973 | D:3      | Reached XP level 6. HP: 16/46 MP: 6/6
  2681 | D:3      | Found a faded altar of an unknown god.
  2879 | D:4      | Noticed Menkaure
  2882 | D:4      | Killed Menkaure
  3070 | D:4      | Found a blossoming altar of Fedhas.
  3157 | D:4      | Reached XP level 7. HP: 52/52 MP: 7/7
  3260 | D:4      | Found a staircase to the Ecumenical Temple.
  3388 | Temple   | Entered the Ecumenical Temple
  3400 | Temple   | Became a worshipper of Gozag Ym Sagoz the Greedy
  3495 | D:4      | Reached skill level 6 in Evocations
  3702 | D:4      | You fall into a shaft and drop 2 floors!
  3973 | D:6      | Reached XP level 8. HP: 58/58 MP: 8/8
  4038 | D:6      | Reached skill level 7 in Evocations
  4055 | D:5      | Entered Level 5 of the Dungeon
  4191 | D:5      | Reached skill level 5 in Maces & Flails
  4834 | D:6      | Reached XP level 9. HP: 54/66 MP: 9/9
  4908 | D:6      | Found an iron altar of Okawaru.
  5641 | D:7      | Found a runed translucent door.
  5642 | D:7      | Noticed Crazy Yiuf
  5743 | D:7      | Reached skill level 5 in Fighting
  5889 | D:7      | Reached skill level 8 in Evocations
  6321 | D:8      | Noticed Maggie
  6330 | D:8      | Maggie changed into Maggie the naga
  6330 | D:8      | Noticed Maggie
  6332 | D:8      | Maggie the naga changed into Maggie the ogre
  6332 | D:8      | Noticed Maggie
  6337 | D:8      | Killed Maggie the ogre
  6529 | D:8      | Found a flagged portal.
  6559 | Bailey   | Entered a bailey
  7245 | Bailey   | Noticed an orc knight
  7310 | Bailey   | an orc knight changed into a glowing orange brain
  7310 | Bailey   | Noticed a glowing orange brain
  7323 | Bailey   | Killed a glowing orange brain
  7324 | Bailey   | Reached skill level 5 in Short Blades
  7324 | Bailey   | Reached XP level 10. HP: 57/76 MP: 10/10
  7569 | Bailey   | Noticed an orc warlord
  7573 | Bailey   | an orc warlord changed into a death yak
  7573 | Bailey   | Noticed a death yak
  7580 | Bailey   | Killed a death yak
  7581 | Bailey   | Reached skill level 9 in Evocations
  7866 | Bailey   | Identified the staffair of Kismet {rElec Int+2 SInv Stlth+
                  | Hexes Air}
  8045 | D:8      | Found a staircase to the Lair.
  8053 | D:8      | Reached skill level 5 in Axes
  8053 | D:8      | Reached skill level 11 in Evocations
  8053 | D:8      | Reached XP level 11. HP: 87/87 MP: 11/11
  8615 | D:8      | Found a broken altar of Ashenzari.
  8695 | D:8      | Reached skill level 12 in Evocations
  9531 | D:9      | Noticed Psyche
  9699 | D:9      | Noticed Prince Ribbit
  9718 | D:9      | Killed Prince Ribbit
  9849 | D:9      | Psyche changed into Psyche the sky beast
  9849 | D:9      | Noticed Psyche
  9854 | D:9      | Killed Psyche the sky beast
 11144 | D:9      | Found a staircase to the Orcish Mines.
 11307 | Orc:1    | Entered Level 1 of the Orcish Mines
 11415 | Orc:1    | Noticed a two-headed ogre
 11422 | Orc:1    | a two-headed ogre changed into a purple ugly thing
 11422 | Orc:1    | Noticed a purple ugly thing
 11428 | Orc:1    | Killed a purple ugly thing
 11662 | Orc:2    | Entered Level 2 of the Orcish Mines
 11668 | Orc:2    | Reached XP level 12. HP: 50/97 MP: 12/12
 12038 | Orc:2    | Found a staircase to the Elven Halls.
 12066 | Orc:2    | Noticed a two-headed ogre
 12378 | Orc:2    | Killed a two-headed ogre
 13100 | Orc:2    | Found Iwecoyl's Distillery.
 13215 | Orc:2    | Found Afigg's Jewellery Shop.
 13240 | Orc:2    | Noticed a sun demon
 13244 | Orc:2    | Noticed Nergalle
 13291 | Orc:1    | Reached skill level 10 in Fighting
 13304 | Orc:1    | HP: 4/85 [kobold blastminer/iron shot (33)]
 13587 | Orc:1    | Noticed an orc warlord
 13925 | Orc:1    | Reached skill level 10 in Axes
 14292 | Orc:1    | Demolished by an orc warlord

Illustrated notes

Levels and vault maps discovered:
D:1:      dpeg_arrival_lava_altar, layout_loops_ring
D:2:      layout_basic, serial_shops, shop_fountains, basic_altar, uniq_jessica
D:3:      layout_basic, dancing_weapons_uskayaw, basic_ecumenical_altar,
          uniq_ijyb, uniq_pargi
D:4:      cheibrodos_greedy_goblins, layout_loops_ring, marbit_many_paths,
          minmay_temple_entry_stoned_glass, small_statue_intersection,
          st_stairs_6, lexackson_kobold_supper, uniq_menkaure
D:5:      layout_rooms
D:6:      layout_loops_cross, okawaru_gym_becter
D:7:      layout_basic, uniq_crazy_yiuf_cottage
D:8:      layout_basic, nicolae_ashenzari_panopticon, dpeg_oklobed_lair,
          enter_bailey_5, serial_glass, glass_columns_b, glass_columns_b,
          item_on_display_a, uniq_maggie
D:9:      layout_rooms, erik_orc_2, minmay_orc_keep, uniq_prince_ribbit1,
          uniq_psyche
Temple:   mainiacjoe_temple_coin_purse
Orc:1:    layout_caves
Orc:2:    kennysheep_orc_mage_school, layout_caves

Skill      XL: |  1  2  3  4  5  6  7  8  9 10 11 12 |
---------------+-------------------------------------+-----
Armour         | 2 3 4 |  4.7
Fighting       | 2 3 4 6 8 9 10 | 10.2
Evocations     | 5 6 7 8 11 12 | 12.2
Short Blades   | 1 2 3 5 |  5.1
Maces & Flails | 1 2 4 5 7 |  7.9
Axes           | 5 8 10 | 10.0
Dodging        | |  0.8
Stealth        | |  0.7

Action                     |  1- 3 |  4- 6 |  7- 9 | 10-12 || total
---------------------------+-------+-------+-------+-------++-------
  Melee: Dagger            |    64 |    94 |   283 |    37 ||   478
         Club              |    62 |    52 |       |       ||   114
         Unarmed           |       |     1 |       |       ||     1
         Whip              |       |    40 |   307 |    41 ||   388
         Broad axe         |       |       |       |   435 ||   435
  Throw: Dart              |     7 |     8 |    28 |    54 ||    97
         Javelin           |       |     4 |     5 |     1 ||    10
         Throwing net      |       |       |     1 |       ||     1
         Boomerang         |       |       |       |    21 ||    21
 Invoke: Call Merchant     |       |       |       |     2 ||     2
         Potion Petition   |       |       |       |     1 ||     1
Ability: Evoke Invisibilit |       |       |       |     1 ||     1
  Evoke: Wand              |       |    17 |    31 |    24 ||    72
         Sack of spiders   |       |       |       |     3 ||     3
    Use: Scroll            |     1 |     2 |     3 |     5 ||    11
         Potion            |       |     1 |       |     5 ||     6
   Stab: Paralysed         |       |       |     6 |       ||     6
         Distracted        |       |       |       |     3 ||     3
         Invisible         |       |       |       |     8 ||     8
         Confused          |       |       |       |     1 ||     1
 Armour: Leather armour    |    50 |    65 |   146 |   213 ||   474
         Skin              |       |     1 |       |       ||     1
  Dodge: Dodged            |    54 |    58 |   125 |   120 ||   357

Table legend: (Time is in decaauts)
 A = Elapsed time spent in this place.
 B = Non-inter-level travel time spent in this place.
 C = Inter-level travel time spent in this place.
 D = Time resting spent in this place.
 E = Time spent auto-exploring this place.
 F = Levels seen in this place.
 G = Mean time per level.
                   A        B        C        D        E       F      G
               +--------+--------+--------+--------+--------+-----+--------+
         Total |  14271 |  13970 |    301 |   4305 |   7153 |  13 | 1097.8 |
       Dungeon |   9883 |   9620 |    263 |   1923 |   5896 |   9 | 1098.1 |
        Temple |     24 |      1 |     23 |      0 |      0 |   1 |   24.0 |
  Orcish Mines |   2990 |   2977 |     13 |   1591 |   1030 |   2 | 1495.0 |
        Bailey |   1372 |   1372 |      0 |    791 |    227 |   1 | 1372.0 |
               +--------+--------+--------+--------+--------+-----+--------+

Top non-repeatable levels by time:
     D:8: 1887 daAuts
     D:9: 1827 daAuts
   Orc:2: 1628 daAuts
  Bailey: 1372 daAuts
   Orc:1: 1361 daAuts
     D:3: 1315 daAuts
     D:6: 1035 daAuts
     D:7: 824 daAuts
     D:2: 817 daAuts
     D:4: 810 daAuts
     D:1: 740 daAuts
     D:5: 625 daAuts
  Temple: 24 daAuts
